 Dungeon Crawl Stone Soup version 0.28.0 (webtiles) character file.

Game seed: 2949485084794256258

21 Kold the Insei (level 2, 24/24 HPs)
             Began as a Demonspawn Monk on Feb 10, 2022.
             Was a Believer of Wu Jian.
             Quit the game on level 1 of the Dungeon.
             The game lasted 00:00:48 (1003 turns).

Kold the Insei (Demonspawn Monk)                    Turns: 1003, Time: 00:00:49

Health: 24/24      AC:  2    Str: 11    XL:     2   Next: 65%
Magic:  2/2        EV: 13    Int: 11    God:    Wu Jian [**....]
Gold:   46         SH:  5    Dex: 15    Spells: 1/1 levels left

rFire   . . .      SeeInvis .     - Unarmed
rCold   . . .      Faith    .   (no shield)
rNeg    . . .      Spirit   .   a - +0 robe
rPois   .          Reflect  +   (helmet restricted)
rElec   .          Harm     .   (no cloak)
rCorr   .          Rampage  .   (no gloves)
Will    .....                   (no boots)
Stlth   ++........              c - amulet of reflection
HPRegen 0.08/turn               (no ring)
MPRegen 0.08/turn               (no ring)

@: no status effects
A: horns 1
a: Renounce Religion, Wall Jump


You were on level 1 of the Dungeon.
You worshipped Wu Jian.
Wu Jian was pleased with you.
You visited 1 branch of the dungeon, and saw 1 of its levels.

You collected 46 gold pieces.

Inventory:

Armour
 a - a +0 robe (worn)
Jewellery
 c - an amulet of reflection (around neck)
Scrolls
 d - a scroll of enchant armour {unknown}
Potions
 b - a potion of brilliance {unknown}


   Skills:
 - Level 3.0 Fighting
 - Level 3.0 Dodging
 - Level 2.0 Stealth
 + Level 3.2 Unarmed Combat


You had one spell level left.
You didn't know any spells.
Your spell library was empty.

Dungeon Overview and Level Annotations

Branches:
Dungeon (1/15)

Altars:
Wu Jian


Innate Abilities, Weirdness & Mutations

You have a pair of small horns on your head.


Message History

d - a scroll labelled OBOEN LYAKK
Found a faded altar of an unknown god.
A dart slug comes into view.
Found 7 gold pieces and 17 stones.
A dart slug is nearby!
The dart slug launches a dart at you. The slug dart hits you.
You see here 17 stones.
You hit the dart slug. You headbutt the dart slug.
You kill the dart slug!
No target in view!
No target in view!
There is a faded altar of an unknown god here.
You now have 36 gold pieces (gained 7).
There is a faded altar of an unknown god here.
You open the door.
There is an open door here.
You now have 46 gold pieces (gained 10).
You open the door.
There is an open door here.
A hobgoblin comes into view.
The helpless hobgoblin fails to defend itself.
You hit the hobgoblin. Your headbutt misses the hobgoblin.
The hobgoblin is severely wounded.
The hobgoblin barely misses you.
You hit the hobgoblin but do no damage.
The hobgoblin is severely wounded.
You block the hobgoblin's attack.
You hit the hobgoblin.
You kill the hobgoblin!
No target in view!
Search for what [? for help]? faded
There is a faded altar of an unknown god here.
You cannot tell which god this altar belongs to.
Convert to them anyway?
Wu Jian accepts your prayer! The Council welcomes you!
You can now lightly attack monsters by moving around them.
You can now perform airborne attacks.
You can now perform damaging attacks by moving towards foes.
Are you sure you want to abandon this character and quit the game? (Confirm with "yes".)

# #....# #.# #.#.# ##..#.##
###.##.# #.## #+#.# ##.)##.
.......# #..######## ######.#.#
###.######.##8..#8### #.........#
#........##^#.#^#.###.##.###..#
###.#...#####.....#..##.#.......#
...........+....#.#..+.......##.#
###.#...###.....###..##.#...###.#
#.##.## #.....@...###.##..###.#
#....## ##....##### #.........#
##.###.## #(...#.# #####.#####
#.## ##.# ##.....# #.# #.# #.#
#.#.#^# #.# ##.#####.## #8^.#8#
#.# #.........# ###############.#
#.#######.# ##..........>..# #.#
#.# #...........####


There were no monsters in sight!

Vanquished Creatures
  2 dart slugs (D:1)
  2 bats (D:1)
  An endoplasm (D:1)
  A giant cockroach (D:1)
  A goblin (D:1)
  2 hobgoblins (D:1)
  3 jackals (D:1)
  A kobold (D:1)
  A ball python (D:1)
  A rat (D:1)
15 creatures vanquished.

Notes
Turn   | Place    | Note
-------+----------+-------------------------------------------
     0 | D:1      | Kold the Demonspawn Monk began the quest for the Orb.
     0 | D:1      | Reached XP level 1. HP: 18/18 MP: 1/1
   265 | D:1      | Gained mutation: You have a pair of small horns on your
                  | head. [demonic ancestry]
   265 | D:1      | Reached XP level 2. HP: 18/24 MP: 2/2
   756 | D:1      | Found a faded altar of an unknown god.
  1002 | D:1      | Prayed at the altar of an unknown god.
  1002 | D:1      | Became a worshipper of the Wu Jian Council
  1002 | D:1      | Reached * piety under Wu Jian
  1002 | D:1      | Reached ** piety under Wu Jian
  1003 | D:1      | Quit the game

Illustrated notes

Levels and vault maps discovered:
D:1:      roderic_dead_forest, layout_loops_corners,
          shapermc_ecumenical_altar_mp_highgroup, chequers_decorated_corner,
          minmay_tripent

Skill      XL: |  1  2 |
---------------+-------+-----
Stealth        | 2 |  2.0
Dodging        | 3 |  3.0
Unarmed Combat | 3 |  3.2
Fighting       | |  3.0

Action                   || total
-------------------------++-------
Melee: Unarmed           ||    53
       Headbutt          ||     4
 Stab: Sleeping          ||     4
Armor: Robe              ||     7
Dodge: Dodged            ||    36
Block: Other             ||     1
